 Dungeon Crawl Stone Soup version 0.32-a0-22-g6ae6769602 (webtiles) character file.

Game seed: 12329418156025106352

436 Essalna the Digger (level 7, 0/36 HPs)
             Began as a Gargoyle Earth Elementalist on Jan 18, 2024.
             Killed by divine providence
             ... invoked by an orc priest
              (10 damage)
             ... on level 4 of the Dungeon.
             The game lasted 00:04:01 (3331 turns).

Essalna the Digger (Gargoyle Earth Elementalist)    Turns: 3331, Time: 00:04:02

Health: 0/36       AC:  8    Str: 12    XL:     7   Next: 1%
Magic:  9/13       EV: 11    Int: 17    God:
Gold:   174        SH:  0    Dex: 10    Spells: 10/14 levels left

rFire   . . .        c - +4 dagger
rCold   . . .        (no shield)
rNeg    + . .        a - +0 robe
rPois   ∞            (no helmet)
rElec   +            (no cloak)
rCorr   .            g - +0 pair of gloves
SInv    .            i - +0 pair of boots
Will    .....        (no amulet)
Stlth   ++           (no ring)
HPRegen 0.26/turn    (no ring)
MPRegen 0.13/turn

%: no passive effects
@: no status effects
A: sickness immunity, AC +4, negative energy resistance 1, electricity
resistance, torment resistance 1, petrification resistance
a: no special abilities


You were on level 4 of the Dungeon.
You visited 1 branch of the dungeon, and saw 4 of its levels.

You collected 174 gold pieces.

Inventory:

Hand Weapons
 c - a +4 dagger (weapon)
Armour
 a - a +0 robe (worn)
 g - a +0 pair of gloves (worn)
 i - a +0 pair of boots (worn)
Jewellery
 f - a ring of flight
 k - a ring of ice
Wands
 n - a wand of digging (6)
 s - a wand of flame (39)
Scrolls
 e - a scroll of blinking {unknown}
 j - 2 scrolls of poison {unknown}
 m - 5 scrolls of identify {unknown}
 o - a scroll of fog {unknown}
 p - a scroll of immolation {unknown}
 q - a scroll of teleportation {unknown}
 r - a scroll of enchant weapon {unknown}
Potions
 b - a potion of magic
 d - a potion of haste {unknown}
 h - a potion of heal wounds {unknown}
 l - 4 potions of curing {unknown}


   Skills:
 - Level 1.5 Dodging
 - Level 2.1 Stealth
 - Level 4.0 Spellcasting
 + Level 4.5 Conjurations
 + Level 6.1 Earth Magic


You had 10 spell levels left.
You knew the following spells:

 Your Spells              Type           Power      Damage    Failure   Level
a - Sandblast             Erth           48%        2d12      1%          1
b - Stone Arrow           Conj/Erth      42%        3d9       5%          3

Your spell library contained the following spells:

 Spells                   Type           Power      Damage    Failure   Level
 Passwall                 Erth           24%        N/A       3%          3
 Kiss of Death            Conj/Necr      44%        2d8       6%          1
 Sting                    Conj/Alch      44%        1d5       6%          1
 Apportation              Tloc           6%         N/A       16%         1
 Freeze                   Ice            12%        1d3       16%         1
 Necrotise                Necr           12%        1d4       16%         1
 Summon Small Mammal      Summ           12%        N/A       16%         1
 Brom's Barrelling Bould  Conj/Erth      21%        2d4       17%         4
 Hailstorm                Conj/Ice       11%        3d6       19%         3
 Petrify                  Alch/Erth      13%        N/A       41%         4
 Confusing Touch          Hex            3%         N/A       43%         3
 Frozen Ramparts          Ice            6%         1d1       43%         3
 Tukima's Dance           Hex            3%         N/A       43%         3
 Dispel Undead            Necr           3%         3d7       83%         4
 Passage of Golubria      Tloc           3%         N/A       83%         4
 Yara's Violent Unravell  Hex/Alch       1%         3d3       99%         5


Dungeon Overview and Level Annotations

Branches:
Dungeon (4/15)
 Temple: D:4-7

Altars:

Shops:
D:1 (


Innate Abilities, Weirdness & Mutations

You are immune to sickness and miasma.
Your stone body is resilient. (AC +4)
You are immune to poison.
You resist negative energy. (rN+)
You are resistant to electric shocks. (rElec)
You are resistant to unholy torment.
You are immune to petrification.


Message History

You can't see any susceptible monsters within range! (Use Z to cast anyway.)
An orc comes into view. It is wielding a +0 whip.
The blast of sand hits the orc but does no damage.
The orc shouts!
You hear a shout!
The blast of sand hits the orc but does no damage.
An orc comes into view. It is wielding a +0 mace.
The orc barely misses you.
Casting: Sandblast (safe; 1% risk of failure)
Confirm with . or Enter, or press ? or * to list all spells.
Aiming: Sandblast (safe; 1% risk of failure)
Press: ? - help, Shift-Dir - straight line, f/p - orc
Aim: an orc, wielding a +0 whip and wearing a +0 scale mail (85% to hit)
The blast of sand hits the orc priest!
The orc priest is almost dead.
The orc priest invokes the aid of Beogh against you.
Beogh smites you!
The orc priest calls upon Beogh to heal the orc priest.
The orc priest is healed somewhat.
Casting: Sandblast (safe; 1% risk of failure)
Confirm with . or Enter, or press ? or * to list all spells.
Aiming: Sandblast (safe; 1% risk of failure)
Press: ? - help, Shift-Dir - straight line, f/p - orc
Aim: an orc, wielding a +0 whip and wearing a +0 scale mail (85% to hit)
The blast of sand hits the orc.
The orc is heavily wounded.
The orc priest calls down the wrath of Beogh upon you.
Beogh smites you!
* * * LOW HITPOINT WARNING * * *
The orc hits you but does no damage.
Casting: Sandblast (safe; 1% risk of failure)
Confirm with . or Enter, or press ? or * to list all spells.
Aiming: Sandblast (safe; 1% risk of failure)
Press: ? - help, Shift-Dir - straight line, f/p - orc
Aim: an orc, wielding a +0 whip and wearing a +0 scale mail (85% to hit)
The blast of sand hits the orc!!
You kill the orc!
The orc priest casts a cantrip, but nothing happens.
The orc priest calls down the wrath of Beogh upon you.
Beogh smites you!
You die...

##.#.#
#...............#
##.#.#
#.###...###..####
##.#.# ##.## #....
#.#.# #.# #.### #.#.#
## #.# #.# #.).. ..
#.####.######. ####.##
#.............
.....oo#######.#######
#.o@.....>#
###########


You could see 2 orc priests and an orc.

Vanquished Creatures
  2 ogres (D:4)
  A scorpion (D:4)
  Natasha (twice) (D:3)
  Terence (D:3)
  An orc wizard (D:3)
  4 adders
  A dart slug (D:2)
  3 ribbon worms
  5 orcs
  7 ball pythons
  3 bats
  7 endoplasms
  A giant cockroach (D:1)
  13 goblins
  4 hobgoblins
  3 quokkas
  3 kobolds
  A rat (D:1)
62 creatures vanquished.

Notes
Turn   | Place    | Note
-------+----------+-------------------------------------------
     0 | D:1      | Essalna the Gargoyle Earth Elementalist began the quest for
                  | the Orb.
     0 | D:1      | Reached XP level 1. HP: 10/10 MP: 3/3
   177 | D:1      | Found Avylicki's Weapon Emporium.
   195 | D:1      | Reached XP level 2. HP: 15/15 MP: 1/5
   411 | D:1      | Reached skill level 4 in Earth Magic
   537 | D:1      | Found a faded altar of an unknown god.
   717 | D:1      | Reached XP level 3. HP: 19/19 MP: 4/6
  1796 | D:2      | Reached XP level 4. HP: 24/24 MP: 6/8
  2191 | D:3      | Noticed Natasha
  2194 | D:3      | Killed Natasha
  2417 | D:3      | Noticed Natasha
  2421 | D:3      | Killed Natasha
  2422 | D:3      | Reached XP level 5. HP: 28/28 MP: 5/9
  2478 | D:3      | Reached skill level 5 in Earth Magic
  2598 | D:3      | Noticed Terence
  2604 | D:3      | Killed Terence
  2718 | D:3      | Learned a level 3 spell: Stone Arrow
  2981 | D:4      | Noticed an ogre
  2983 | D:4      | Noticed an ogre
  2994 | D:4      | HP: 1/28 [ogre/+0 giant club (12)]
  2995 | D:4      | Killed an ogre
  2996 | D:4      | Reached XP level 6. HP: 2/32 MP: 3/11
  3170 | D:4      | Reached skill level 6 in Earth Magic
  3287 | D:4      | Reached XP level 7. HP: 36/36 MP: 11/13
  3331 | D:4      | Killed from afar by an orc priest

Illustrated notes

Levels and vault maps discovered:
D:1:      dpeg_arrival_boxorama, layout_rooms, basic_ecumenical_altar,
          serial_shops, shop, dreamdust_mushroom_princess, hex_intersection,
          minmay_splitting_lines
D:2:      layout_basic, skrybe_limestone_x, serial_park_tiny_2,
          minmay_tetromino_s2
D:3:      layout_loops_ring, uniq_terence, uniq_natasha
D:4:      layout_loops_ring

Skill      XL: |  1  2  3  4  5  6 |
---------------+-------------------+-----
Earth Magic    | 4 5 6 |  6.1
Conjurations   | 2 3 4 |  4.5
Spellcasting   | 3 4 |  4.0
Dodging        | |  1.5
Stealth        | |  2.1

Action                     |  1- 3 |  4- 6 |  7- 9 || total
---------------------------+-------+-------+-------++-------
  Melee: Dagger            |     1 |     1 |       ||     2
         Unarmed           |       |     2 |       ||     2
   Cast: Sandblast         |    48 |    59 |     5 ||   112
 Armour: Robe              |     9 |    13 |     1 ||    23
         Skin              |       |     1 |       ||     1
  Dodge: Dodged            |     8 |    24 |     1 ||    33

Table legend: (Time is in decaauts)
 A = Elapsed time spent in this place.
 B = Non-inter-level travel time spent in this place.
 C = Inter-level travel time spent in this place.
 D = Time resting spent in this place.
 E = Time spent auto-exploring this place.
 F = Levels seen in this place.
 G = Mean time per level.
                   A        B        C        D        E       F      G
               +--------+--------+--------+--------+--------+-----+--------+
         Total |   3385 |   3306 |     79 |      0 |   2922 |   4 |  846.2 |
       Dungeon |   3385 |   3306 |     79 |      0 |   2922 |   4 |  846.2 |
               +--------+--------+--------+--------+--------+-----+--------+

Top non-repeatable levels by time:
     D:2: 1243 daAuts
     D:1: 973 daAuts
     D:3: 753 daAuts
     D:4: 415 daAuts
